 Dungeon Crawl Stone Soup version 0.20-a0-1006-ge6c5631 (webtiles) character file.

874259 mopl the Bringer of Light (level 27, -11/296 (300) HPs)
             Began as a Minotaur Hunter on Mar 30, 2017.
             Was the Champion of the Shining One.
             Killed by divine providence
             ... invoked by a greater mummy
              (13 damage)
             ... on level 2 of the Tomb of the Ancients on Apr 13, 2017.
             The game lasted 04:27:17 (92193 turns).

mopl the Bringer of Light (Minotaur Hunter)        Turns: 92193, Time: 04:27:18

HP:   -11/296 (300) AC: 44    Str: 26 (27) XL:     27
MP:   24/39         EV: 27    Int:  4      God:    the Shining One [******]
Gold: 5464          SH:  2    Dex: 25      Spells: 14/38 levels left

rFire    + + .     SeeInvis +   a - +8 triple crossbow (holy)
rCold    + + .     Gourm    .   (shield currently unavailable)
rNeg     + + +     Faith    .   n - +9 plate armour of a bailey {rN+}
rPois    +         Spirit   .   O - -2 hat of the Alchemist {rElec rPois rF+ rC+ rN+ MR+ rMut rCorr}
rElec    +         Reflect  +   g - +2 cloak {MR+}
rCorr    +         Harm     .   V - +0 pair of gloves of the Game of Life {rElec rPois MR+ Stlth-}
rMut     +                      q - +2 pair of boots {run}
MR       +++++                  Y - amulet "Leanivigg" {Reflect *Contam +Inv Str+5 Dex+4 SH+2}
Stlth    ..........             L - ring of the Six Dances {rF+ rC+ Int-4 SInv}
Regen    0.0/turn               J - +5 ring of protection
MPRegen  0.3/turn

@: lethally poisoned (-11 -> -23), non-regenerating, diseased, slowed, glowing,
very slow
A: retaliatory headbutt, horns 2, talons 1, agile 1, robust 1, wild magic 1,
MP-powered wands
}: 4/15 runes: serpentine, barnacled, slimy, silver
a: Divine Shield, Cleansing Flame, Summon Divine Warrior, Renounce Religion,
Evoke Invisibility


You were on level 2 of the Tomb of the Ancients.
You worshipped the Shining One.
The Shining One was exalted by your worship.
You were not hungry.

You visited 13 branches of the dungeon, and saw 61 of its levels.
You also visited: Labyrinth, Ice Cave and Wizlab.

You collected 9666 gold pieces.
You spent 4202 gold pieces at shops.

Inventory:

Hand Weapons
 a - a +8 triple crossbow of holy wrath (weapon)
 b - the +6 arbalest "Uxueff" {elec, Dex+6}
   (Okawaru gifted it to you in an ice cave)

   It charges the ammunition it shoots with electricity; occasionally upon a
   hit, such missiles may discharge and cause terrible harm.
   It affects your dexterity (+6).
Missiles
 d - 2597 bolts (quivered)
Armour
 g - a +2 cloak of magic resistance (worn)
 n - the +9 plate armour of a bailey (worn) {rN+}
   (You found it on level 4 of the Snake Pit)

   It protects you from negative energy.
 q - a +2 pair of boots of running (worn)
 O - the -2 hat of the Alchemist (worn) {rElec rPois rF+ rC+ rN+ MR+ rMut rCorr}
   (You acquired it on level 3 of the Depths)

   It protects you from fire.
   It protects you from cold.
   It insulates you from electricity.
   It protects you from poison.
   It protects you from negative energy.
   It affects your resistance to hostile enchantments.
   It protects you from acid and corrosion.
   It protects you from mutation.
 T - a +0 pair of boots of flying
 V - the +0 pair of gloves of the Game of Life (worn) {rElec rPois MR+ Stlth-}
   (You acquired it on level 3 of the Shoals)

   It insulates you from electricity.
   It protects you from poison.
   It affects your resistance to hostile enchantments.
   It makes you less stealthy.
Jewellery
 x - the amulet of the Four Winds {rN+ MR+++ Clar}
   (You took it off a yaktaur on level 5 of the Vaults)

   [amulet of nothing]

   It protects you from negative energy.
   It affects your resistance to hostile enchantments.
   It protects you against confusion.
 J - a +5 ring of protection (right hand)
 L - the ring of the Six Dances (left hand) {rF+ rC+ Int-4 SInv}
   (You found it on level 6 of the Lair of Beasts)

   [ring of protection from cold]

   It affects your intelligence (-4).
   It protects you from fire.
   It protects you from cold.
   It lets you see invisible.
 Y - the amulet "Leanivigg" (around neck) {Reflect *Contam +Inv Str+5 Dex+4 SH+2}
   (You found it on level 5 of the Pits of Slime)

   [amulet of reflection]

   It shields you and reflects attacks.
   It affects your strength (+5).
   It affects your dexterity (+4).
   It lets you turn invisible.
   It causes magical contamination when unequipped.
   It affects your SH (+2).
Wands
 c - a wand of acid (14/15)
 i - a wand of clouds (9/9)
 B - a wand of scattershot (7/9)
 C - a wand of digging (21/24)
 E - a wand of acid (8/15)
 Q - a wand of paralysis (8/24)
Scrolls
 e - a scroll of recharging
 k - 27 scrolls of remove curse
 m - a scroll of acquirement
 p - 2 scrolls of enchant armour
 r - 7 scrolls of vulnerability
 s - 12 scrolls of blinking
 t - 6 scrolls of fear
 w - 12 scrolls of magic mapping
 y - a scroll of summoning
 F - 4 scrolls of silence {!r}
 G - 15 scrolls of teleportation
 M - 5 scrolls of fog
 X - 4 scrolls of identify
Potions
 h - 3 potions of invisibility
 j - 27 potions of curing
 l - 9 potions of might
 z - 3 potions of ambrosia
 H - 7 potions of agility
 I - 4 potions of haste
 N - 3 potions of mutation {!q}
 P - 7 potions of heal wounds
 R - 3 potions of flight
 S - 5 potions of cancellation
 W - 4 potions of resistance
Books
 u - a book of Battle

   Spells                             Type                      Level
   a - Infusion                       Charms                       1
   b - Shroud of Golubria             Charms/Translocation         2
   c - Song of Slaying                Charms                       2
   d - Spectral Weapon                Hexes/Charms                 3
   e - Regeneration                   Charms/Necromancy            3
Miscellaneous
 o - 4 phantom mirrors
 v - a lamp of fire
 A - 4 sacks of spiders
 D - 3 boxes of beasts
 K - a fan of gales
 Z - a lightning rod (4/4)
Comestibles
 f - 18 bread rations


   Skills:
 O Level 27 Fighting
 O Level 27 Crossbows
 + Level 26.1 Armour
 + Level 22.5 Dodging
 + Level 9.3 Stealth
 + Level 6.2 Spellcasting
 + Level 6.0 Charms
 + Level 9.8 Translocations
 O Level 27 Invocations


You had 14 spell levels left.
You knew the following spells:

 Your Spells              Type           Power        Failure   Level  Hunger
a - Apportation           Tloc           ##....       3%          1    ##.....
b - Swiftness             Chrm/Air       #.......     54%         2    ###....
c - Corpse Rot            Necr           N/A          99%         2    ###....
e - Blink                 Tloc           N/A          6%          2    ###....
f - Shroud of Golubria    Chrm/Tloc      #.........   12%         2    ###....
i - Deflect Missiles      Chrm/Air       #.........   100%        6    #######
k - Lee's Rapid Deconstr  Erth           #.........   100%        5    ######.
n - Summon Butterflies    Summ           #.......     93%         1    ##.....
p - Passwall              Tmut/Erth      #.........   99%         2    ###....
x - Animate Skeleton      Necr           N/A          93%         1    ##.....


Dungeon Overview and Level Annotations

Branches:
Dungeon (15/15)            Temple (1/1) D:4            Lair (6/6) D:10
 Shoals (4/4) Lair:4        Snake (4/4) Lair:2        Slime (5/5) Lair:5
    Orc (2/2) D:10            Elf (3/3) Orc:2        Vaults (5/5) D:13
  Crypt (3/3) Vaults:2       Tomb (3/3) Crypt:3      Depths (5/5) D:15
    Zot (5/5) Depths:5

Altars:
Ashenzari
Cheibriados
Dithmenos
Elyvilon
Fedhas
Gozag
Hepliaklqana
Kikubaaqudgha
Makhleb
Nemelex Xobeh
Okawaru
Qazlal
Ru
Sif Muna
Trog
Uskayaw
Vehumet
Wu Jian
Xom
Yredelemnul
Zin
The Shining One
Beogh
Jiyva

Shops:
D:5 [   D:11 *?   D:13 }   Orc:2 =}([   Elf:3 [   Shoals:3 *}   Snake:2 }}=
Vaults:1 [=*   Vaults:3 %   Vaults:4 *   Vaults:5 =*

Portals:
Hell: Depths:1 Depths:2 Depths:3 Depths:4 Depths:5
Abyss: Depths:1 Depths:4
Pandemonium: Depths:3 Depths:4 Depths:5
Ziggurat: Depths:1

Annotations:
Elf:2 bardiche


Innate Abilities, Weirdness & Mutations

You reflexively headbutt those who attack you in melee.
You have a pair of horns on your head.
You have sharp toenails.
You are agile. (Dex +2)
You are robust. (+10% HP)
Your spells are a little harder to cast, but a little more powerful.
You expend magic power (3 MP) to strengthen your wands.


Message History

The ushabti shakes and rattles deafeningly!
The greater mummy calls on the powers of darkness!
Your body is wracked with pain!
* * * LOW HITPOINT WARNING * * *
You climb upwards.
The ynoxinul disappears in a puff of smoke!
The ufetubus disappears in a puff of smoke!
The chaos spawn degenerates into a cloud of primal chaos!
You feel sick.
There is a stone staircase leading down, spattered with blood here.
You feel much better.
You feel sick.
The mummy priest mumbles some strange prayers to its god against you.
Something smites you!
* * * LOW HITPOINT WARNING * * *
The greater mummy gestures at you while chanting.
Something smites you!
* * * LOW HITPOINT WARNING * * *
The greater mummy gestures at you while chanting.
Something smites you!
You die...

#.....#......##.....##....
###'###...................
#^^...#...................
#.....#...................
#.....#########'##########
#..^..^....>#......#......
#........^..#......#......
#...^...MM).#......#......
#.....^.M@^>#......#..^)..
##########################


You could see 2 greater mummies and a mummy priest.

Vanquished Creatures
  the Royal Jelly (Slime:5)
  Dissolution (Slime:2)
  6 orbs of fire
  10 ancient liches
  Boris (twice) (Crypt:1 Tomb:3)
  Sojobo (Vaults:4)
  24 greater mummies
  Margery (Vaults:5)
  Bai Suzhen (Crypt:1)
  2 Killer Klowns (Zot:5)
  Saint Roka (Crypt:1)
  7 curse toes
  13 golden dragons
  A Brimstone Fiend (Depths:3)
  4 electric golems
  2 bone dragons
  Jorgrun (Elf:2)
  An Ice Fiend (Depths:3)
  A shard shrike skeleton (Crypt:3)
  Rupert (Orc:2)
  18 tentacled monstrosities
  9 liches
  25 Orb Guardians (Zot:5)
  3 quicksilver dragons
  19 titans
  8 deep elf blademasters
  A kraken (Shoals:3)
  9 deep elf master archers
  16 acid blobs
  10 sphinxes
  13 death cobs
  Frances (D:12)
  11 tengu reavers
  15 shadow dragons
  9 ancient champions
  25 storm dragons
  Donald (Crypt:1)
  Roxanne (Elf:2)
  Ilsuiw (Shoals:4)
  3 draconian monks
  8 revenants
  9 azure jellies
  7 nagarajas
  20 fire giants
  5 draconian knights
  7 draconian scorchers
  23 vault wardens
  33 frost giants
  5 deep elf sorcerers
  A ghost moth (shapeshifter) (Vaults:5)
  Aizul (Snake:2)
  An orc warlord (Vaults:4)
  2 ghost moths
  4 iron dragons
  2 curse skulls
  A caustic shrike zombie (Crypt:3)
  2 balrugs (Depths:3)
  17 ghouls
  5 draconian annihilators
  4 draconian shifters
  A spriggan defender (Depths:3)
  13 ironheart preservers
  2 draconian stormcallers
  26 very ugly things
  8 deep elf elementalists
  55 stone giants
  3 war gargoyles
  14 green draconians
  A dire elephant (shapeshifter) (Depths:4)
  14 black draconians
  10 bennus
  A lorocyproca (Depths:5)
  24 yellow draconians
  9 vampire knights
  6 deep elf demonologists
  10 spark wasps
  9 deep elf annihilators
  6 dire elephants (Lair:6)
  10 purple draconians
  Azrael (D:12)
  13 red draconians
  15 white draconians
  7 deep elf death magi
  20 ettins
  3 orange crystal statues
  5 merfolk javelineers
  10 death oozes
  2 quicksilver dragon zombies (Tomb:3)
  5 eidola
  10 fire dragons
  2 blizzard demons (Depths:3)
  5 merfolk impalers
  19 mummy priests
  Josephine (Lair:6)
  4 deep elf high priests
  3 minotaurs
  An ettin (shapeshifter) (Depths:1)
  11 jiangshi
  2 great orbs of eyes (shapeshifter)
  10 rakshasas
  32 vault guards
  19 ice dragons
  8 great orbs of eyes
  7 hydras
  14 naga warriors
  21 yaktaur captains
  An ice dragon (shapeshifter) (Vaults:5)
  2 spriggan air magi (Depths:5)
  A catoblepas (Lair:6)
  A quicksilver dragon skeleton (Crypt:1)
  13 centaur warriors
  8 death knights
  A hell beast (Depths:1)
  Erica (D:9)
  3 merfolk avatars
  5 anacondas
  62 two-headed ogres
  36 dancing weapons
  4 merfolk aquamancers
  16 ogre magi
  A two-headed ogre (shapeshifter) (D:10)
  8 deep troll shamans
  7 death yaks
  5 tengu warriors
  40 death scarabs
  17 deep troll earth magi
  3 orc high priests (Orc:2)
  9 vampire magi
  6 shock serpents
  Nergalle (Lair:2)
  Urug (D:10)
  2 titan skeletons
  7 sun demons
  7 spriggan berserkers
  18 naga sharpshooters
  Sonja (Lair:1)
  3 soul eaters
  43 deep elf knights
  A death drake (Depths:2)
  2 fire crabs (shapeshifter)
  5 hell knights
  9 shadow wraiths
  7 flayed ghosts
  34 skeletal warriors
  2 storm dragon skeletons
  4 salamander mystics
  9 iron trolls
  2 unseen horrors
  16 sea snakes
  2 quicksilver dragon simulacra (Crypt:1)
  34 deep trolls
  A golden dragon zombie (Crypt:2)
  A ghost moth zombie (Crypt:1)
  9 glowing orange brains
  8 wizards
  An infernal demonspawn (Depths:5)
  4 naga ritualists
  A golden dragon skeleton (Crypt:1)
  32 deep elf archers
  11 phantasmal warriors
  20 ironbrand convokers
  A spectral hydra (Depths:2)
  A wolf spider zombie (D:14)
  Pikel (D:3)
  13 orc knights
  20 harpies
  15 necromancers
  An anaconda skeleton (Crypt:1)
  3 wolf spiders
  A shadow dragon skeleton (Crypt:3)
  6 mana vipers
  96 deep elf magi
  5 orc sorcerers (Orc:2)
  2 iron dragon zombies (Crypt:1)
  4 shining eyes
  8 cyclopes
  A manticore (shapeshifter) (D:15)
  A stone giant zombie (Vaults:5)
  23 ugly things
  6 manticores
  5 fauns (Shoals:1)
  39 moths of wrath
  2 frost giant zombies
  11 salamanders
  A human zombie (Vaults:5)
  A moth of wrath (shapeshifter) (D:15)
  18 elephants
  A fire giant skeleton (Crypt:1)
  5 guardian serpents
  13 merfolk sirens
  2 black mambas (shapeshifter)
  19 black mambas
  2 centaur zombies (D:13)
  A stone giant skeleton (Crypt:3)
  31 naga magi
  12 vault sentinels
  12 water nymphs
  Joseph (D:8)
  A frost giant skeleton (Crypt:1)
  Maurice (D:9)
  A rust devil (Depths:5)
  An eye of devastation (Slime:5)
  2 ice statues (IceCv)
  A titan simulacrum (Vaults:4)
  A torpor snail (shapeshifter) (Vaults:2)
  A smoke demon (Tomb:1)
  A pale draconian zombie (Crypt:2)
  6 rime drakes
  2 torpor snails
  A grey draconian zombie (Crypt:1)
  A sea snake zombie (Crypt:3)
  A small abomination (Elf:3)
  9 spiny frogs
  2 kobold demonologists (D:12)
  2 efreet (Zot:2)
  84 yaktaurs
  An alligator snapping turtle skeleton (Crypt:2)
  3 freezing wraiths
  A yellow draconian zombie (Crypt:3)
  A spectral merfolk (Depths:2)
  5 komodo dragons
  A queen ant zombie (Crypt:2)
  A green draconian skeleton (Crypt:1)
  A catoblepas skeleton (Crypt:2)
  35 guardian mummies
  2 tengu conjurers
  7 ice devils
  A queen bee (shapeshifter) (D:14)
  2 polar bears (shapeshifter)
  15 trolls
  3 meliai (D:15)
  2 red devils
  3 jumping spiders (shapeshifter)
  7 wind drakes
  8 hornets
  24 merfolk
  62 slime creatures
  2 hornets (shapeshifter)
  Prince Ribbit (D:9)
  3 dream sheep (Shoals:2)
  A polar bear (Lair:2)
  A blink frog (shapeshifter) (Vaults:3)
  An iron dragon simulacrum (Crypt:1)
  A hippogriff (shapeshifter) (Vaults:4)
  14 hippogriffs
  11 blink frogs
  An alligator zombie (Crypt:1)
  A frost giant simulacrum (Vaults:5)
  A raiju (Depths:2)
  3 bog bodies
  7 snapping turtles
  A fire dragon skeleton (Crypt:1)
  2 air elementals (Elf:1)
  A deep troll skeleton (Depths:1)
  7 redbacks
  33 flying skulls
  A guardian serpent skeleton (Crypt:1)
  An alligator skeleton (Crypt:1)
  13 shadows
  2 spriggans
  2 vampires
  2 ettin skeletons
  A tarantella (shapeshifter) (D:15)
  A wyvern (D:9)
  A yak (shapeshifter) (Vaults:3)
  73 yaks
  15 wraiths
  An ice dragon skeleton (Tomb:3)
  36 water elementals
  23 ushabtiu
  9 fire elementals
  3 hogs (D:7)
  A human (D:7)
  A wyvern (shapeshifter) (D:15)
  A black mamba skeleton (Crypt:1)
  A golden eye (shapeshifter) (Depths:2)
  5 basilisks
  A chaos spawn (Depths:5)
  A human (shapeshifter) (Depths:4)
  8 hungry ghosts
  11 vampire mosquitoes
  2 yaktaur simulacra
  Edmund (D:6)
  18 wargs
  Menkaure (D:4)
  A gelid demonspawn zombie (Crypt:2)
  A soldier ant (D:14)
  44 nagas
  A minotaur simulacrum (Depths:2)
  2 acid dragons (Vaults:2)
  15 water moccasins
  A hydra simulacrum (Depths:2)
  6 hell hounds
  Duvessa (D:6)
  2 floating eyes
  A gelid demonspawn skeleton (Crypt:1)
  7 porcupines
  2 spectral spriggans (Depths:2)
  A spectral troll (Depths:2)
  33 orc warriors
  An eye of draining (D:13)
  4 black bears
  23 ice beasts
  6 sky beasts
  A slave (D:3)
  An elephant zombie (Crypt:2)
  An ettin simulacrum (Crypt:1)
  6 necrophages
  4 phantoms
  2 snapping turtle zombies (Crypt:1)
  15 wolves
  15 boggarts
  20 centaurs
  43 ogres
  A manticore skeleton (Crypt:3)
  A torpor snail zombie (Crypt:1)
  A crocodile (shapeshifter) (Depths:1)
  An elephant skeleton (Crypt:3)
  A lindwurm skeleton (Crypt:3)
  2 snapping turtle skeletons (Crypt:3)
  10 crocodiles
  3 big kobolds
  A gnoll sergeant (D:5)
  A merfolk simulacrum (Depths:2)
  23 bullfrogs
  An earth elemental (Elf:3)
  2 spectral ogres (Depths:2)
  4 scorpions
  Dowan (D:6)
  A polar bear zombie (Crypt:2)
  6 spectral nagas (Depths:2)
  A shapeshifter zombie (Crypt:1)
  12 killer bees
  A warg skeleton (Crypt:3)
  5 howler monkeys
  An oklob sapling (D:4)
  18 wights
  3 spectral centaurs (Depths:2)
  8 electric eels
  10 crimson imps
  A demonspawn zombie (Crypt:2)
  2 quasits (Depths:5)
  3 human simulacra
  3 bullfrog zombies
  4 centaur skeletons
  7 hounds
  3 jellies
  28 orc priests
  3 bullfrog skeletons
  31 orc wizards
  6 iron imps
  Jessica (D:2)
  4 iguanas
  Ijyb (D:3)
  A basilisk skeleton (Crypt:1)
  Natasha (thrice) (D:3)
  An iguana (shapeshifter) (Depths:3)
  10 worker ants
  A troll simulacrum (Depths:2)
  Terence (D:2)
  A spriggan simulacrum (Depths:2)
  A dwarf skeleton (Crypt:3)
  A hound zombie (D:8)
  A hound skeleton (D:5)
  55 mummies
  11 adders
  16 gnolls
  4 shadow imps
  2 white imps
  An ufetubus (Depths:5)
  An ooze (D:2)
  2 adder zombies
  2 adder skeletons
  3 worms
  6 leopard geckos
  73 orcs
  A bat skeleton (Crypt:3)
  6 giant cockroaches
  13 goblins
  9 hobgoblins
  14 jackals
  15 kobolds
  6 quokkas
  5 bats
  3 frilled lizards
  A jackal skeleton (D:4)
  A jackal zombie (D:5)
  A quokka skeleton (D:8)
  5 rats
  A spectral orc (D:5)
  4 crawling corpses (Elf:3)
  4 plants
  4 tentacles (Shoals:3)
3237 creatures vanquished.

Vanquished Creatures (collateral kills)
  An orb of fire (Zot:5)
1 creature vanquished.

Vanquished Creatures (others)
  A revenant (Tomb:2)
  A fire giant (Crypt:1)
  A frost giant (Vaults:2)
  An ogre mage (Vaults:4)
  25 death scarabs (Tomb:2)
  A shadow wraith (Vaults:4)
  4 deep elf archers
  An anaconda skeleton (Tomb:2)
  A harpy (Shoals:3)
  A deep elf mage (Tomb:1)
  2 moths of wrath
  2 yaktaurs
  A polar bear (D:11)
  3 orc warriors
  2 ogres
  A boggart (Vaults:1)
  A snapping turtle skeleton (Tomb:2)
  A centaur (shapeshifter) (Vaults:5)
  2 orc wizards
  An ooze (D:4)
  3 orcs (D:4)
  A frilled lizard (D:4)
  42 bushes
  19 fungi
  29 plants
  12 tentacles (Shoals:3)
159 creatures vanquished.

Grand Total: 3397 creatures vanquished

Notes
Turn   | Place    | Note
-------+----------+-------------------------------------------
     0 | D:1      | mopl the Minotaur Hunter began the quest for the Orb.
     0 | D:1      | Reached XP level 1. HP: 18/18 MP: 0/0
   482 | D:1      | Reached XP level 2. HP: 23/25 MP: 1/1
   555 | D:1      | Reached skill level 5 in Crossbows
  1029 | D:2      | Found an iron altar of Okawaru.
  1037 | D:2      | Became a worshipper of Warmaster Okawaru
  1057 | D:2      | Reached XP level 3. HP: 25/30 MP: 2/2
  1092 | D:2      | Found a glowing silver altar of Zin.
  1198 | D:2      | Noticed Jessica
  1200 | D:2      | Noticed Terence
  1205 | D:2      | Killed Jessica
  1205 | D:2      | Reached skill level 6 in Crossbows
  1209 | D:2      | Killed Terence
  1209 | D:2      | Reached XP level 4. HP: 23/37 MP: 3/3
  1633 | D:3      | Noticed Ijyb
  1639 | D:3      | Killed Ijyb
  1698 | D:3      | Reached XP level 5. HP: 42/42 MP: 4/4
  1718 | D:3      | Reached skill level 7 in Crossbows
  1801 | D:3      | Noticed Natasha
  1807 | D:3      | Killed Natasha
  1986 | D:3      | Noticed Natasha
  2001 | D:3      | Killed Natasha
  2391 | D:3      | Noticed Natasha
  2397 | D:3      | Killed Natasha
  2431 | D:3      | Reached skill level 8 in Crossbows
  2444 | D:4      | Reached XP level 6. HP: 23/50 MP: 5/5
  2452 | D:4      | Noticed an orc warrior
  2647 | D:4      | Found a sacrificial altar of Ru.
  2662 | D:4      | Found an opulent altar of Gozag.
  2686 | D:4      | Killed an orc warrior
  2686 | D:4      | Reached * piety under Okawaru
  2754 | D:4      | Noticed a slave
  2755 | D:4      | Noticed a slave
  2763 | D:4      | Noticed Pikel
  2765 | D:4      | Noticed a slave
  2772 | D:3      | Killed a slave
  2930 | D:4      | Noticed a slave
  2937 | D:3      | Killed Pikel
  2937 | D:3      | Reached ** piety under Okawaru
  2937 | D:3      | Reached skill level 9 in Crossbows
  2937 | D:3      | Reached skill level 2 in Invocations
  2937 | D:3      | Reached XP level 7. HP: 56/56 MP: 5/8
  2991 | D:4      | Reached skill level 10 in Crossbows
  2991 | D:4      | Reached skill level 3 in Invocations
  3314 | D:4      | Found a staircase to the Ecumenical Temple.
  3355 | D:4      | Found a deep blue altar of Sif Muna.
  3592 | D:4      | Noticed Menkaure
  3605 | D:4      | Killed Menkaure
  3605 | D:4      | Reached skill level 3 in Fighting
  3605 | D:4      | Reached skill level 1 in Armour
  3605 | D:4      | Reached XP level 8. HP: 14/63 MP: 9/9
  4084 | D:5      | Entered Level 5 of the Dungeon
  4110 | D:4      | Reached *** piety under Okawaru
  4254 | D:5      | Reached skill level 2 in Armour
  4264 | D:5      | Found a blossoming altar of Fedhas.
  4304 | D:5      | Found Beaq's Antique Armour Shoppe.
  4343 | D:5      | Bought a pair of glowing gloves for 180 gold pieces
  4444 | D:5      | Reached skill level 4 in Fighting
  4444 | D:5      | Reached skill level 4 in Invocations
  4751 | D:5      | Reached skill level 3 in Armour
  4778 | D:5      | Found a basalt altar of Yredelemnul.
  4937 | D:5      | Found a shattered altar of Ashenzari.
  5009 | D:6      | Reached **** piety under Okawaru
  5154 | D:6      | Reached skill level 11 in Crossbows
  5250 | D:6      | Noticed Edmund
  5261 | D:6      | Killed Edmund
  5261 | D:6      | Reached skill level 5 in Fighting
  5261 | D:6      | Reached skill level 4 in Armour
  5261 | D:6      | Reached XP level 9. HP: 54/74 MP: 11/11
  5499 | D:6      | Noticed Dowan
  5503 | D:6      | Noticed Duvessa
  5503 | D:6      | Killed Dowan
  5513 | D:6      | Killed Duvessa
  5530 | D:6      | Found a shadowy altar of Dithmenos.
  5679 | D:6      | Learned a level 1 spell: Apportation
  5768 | D:6      | Reached skill level 5 in Invocations
  5790 | D:6      | Found an ornate altar of the Wu Jian Council.
  6062 | D:7      | Found a burning altar of Makhleb.
  6086 | D:7      | Received a gift from Okawaru
  6114 | D:7      | Found a stormy altar of Qazlal.
  6213 | D:7      | Reached skill level 5 in Armour
  6219 | D:7      | Reached skill level 6 in Fighting
  6330 | D:7      | Reached skill level 12 in Crossbows
  6531 | D:7      | Found a hazy altar of Hepliaklqana.
  6762 | D:7      | Reached ***** piety under Okawaru
  6767 | D:7      | Reached XP level 10. HP: 59/84 MP: 11/13
  6793 | D:7      | Reached skill level 7 in Fighting
  6793 | D:7      | Reached skill level 6 in Armour
  6793 | D:7      | Reached skill level 6 in Invocations
  6964 | D:8      | Noticed a two-headed ogre
  6971 | D:8      | Killed a two-headed ogre
  6971 | D:8      | Received a gift from Okawaru
  7064 | D:8      | Found a radiant altar of Vehumet.
  7347 | D:8      | Got a shimmering falchion
  7408 | D:8      | Reached skill level 13 in Crossbows
  7416 | D:8      | Noticed Joseph
  7606 | D:8      | Killed Joseph
  7606 | D:8      | Reached skill level 7 in Armour
  8345 | D:9      | Reached skill level 8 in Fighting
  8416 | D:9      | Noticed Maurice
  8456 | D:9      | Killed Maurice
  8456 | D:9      | Reached skill level 7 in Invocations
  8951 | D:9      | Noticed Erica
  8965 | D:9      | Reached XP level 11. HP: 44/95 MP: 15/15
  8977 | D:9      | Killed Erica
  9635 | D:9      | Found a basalt altar of Yredelemnul.
  9653 | D:9      | Reached skill level 8 in Armour
  9731 | D:9      | Learned a level 1 spell: Animate Skeleton
  9951 | D:9      | Found an opulent altar of Gozag.
  9952 | D:9      | Noticed a two-headed ogre
  9962 | D:9      | Killed a two-headed ogre
  9962 | D:9      | Received a gift from Okawaru
 10238 | D:9      | Noticed Prince Ribbit
 10242 | D:9      | Killed Prince Ribbit
 10242 | D:9      | Reached skill level 14 in Crossbows
 10260 | D:9      | Found an opulent altar of Gozag.
 10389 | D:10     | Entered Level 10 of the Dungeon
 10406 | D:10     | Found a shimmering altar of Xom.
 10413 | D:10     | Found a shimmering altar of Xom.
 10413 | D:10     | Found a shimmering altar of Xom.
 10414 | D:10     | Found a shimmering altar of Xom.
 10424 | D:10     | Got a dazzling falchion
 10461 | D:10     | Reached skill level 9 in Fighting
 10760 | D:10     | Noticed a two-headed ogre
 10770 | D:10     | Killed a two-headed ogre
 10789 | D:10     | Reached skill level 8 in Invocations
 10903 | D:10     | Identified the +8 falchion of Responsibility {freeze, Dex+2} (You found it on level 8 of the Dungeon)
 10904 | D:10     | Identified the +7 falchion of Yden {slice, -Tele Str+8 Int-2 SInv} (You found it on level 10 of the Dungeon)
 10973 | D:10     | Reached skill level 9 in Armour
 11043 | D:10     | Noticed Urug
 11058 | D:10     | Killed Urug
 11058 | D:10     | Received a gift from Okawaru
 11140 | D:10     | Found a staircase to the Orcish Mines.
 11219 | D:10     | Found a roughly hewn altar of Beogh.
 11418 | D:10     | Found a staircase to the Lair.
 11438 | Lair:1   | Entered Level 1 of the Lair of Beasts
 11702 | D:10     | Noticed a sea snake
 11710 | D:10     | Noticed a swamp dragon
 11710 | D:10     | a sea snake changed into a swamp dragon
 11888 | D:8      | Noticed a two-headed ogre
 11899 | D:8      | Killed a two-headed ogre
 12015 | D:10     | Upgraded the game from 0.20-a0-939-g04f5055 to 0.20-a0-941-gba1b1f9
 12055 | D:10     | Noticed a lindwurm
 12104 | D:10     | a lindwurm changed into an elephant
 12138 | D:10     | Noticed a shock serpent
 12430 | Lair:1   | Reached XP level 12. HP: 64/106 MP: 17/17
 12609 | Lair:1   | Reached skill level 15 in Crossbows
 12697 | Lair:1   | Noticed Sonja
 12706 | Lair:1   | Killed Sonja
 12706 | Lair:1   | Reached skill level 10 in Fighting
 13445 | Lair:1   | Got a shimmering plate armour
 13456 | Lair:1   | Identified the +4 plate armour "Nyerhol" {Str-3 Dex+7} (You found it on level 1 of the Lair of Beasts)
 13529 | Lair:1   | Noticed a centaur warrior
 13546 | Lair:1   | Killed a centaur warrior
 13852 | Lair:2   | Found a staircase to the Snake Pit.
 13867 | Lair:2   | Noticed Nergalle
 13877 | Lair:2   | Reached skill level 10 in Armour
 13887 | Lair:2   | Killed Nergalle
 14192 | Lair:2   | Reached skill level 9 in Invocations
 14675 | Lair:2   | Got a jewelled long sword
 15022 | Lair:1   | Identified the +5 long sword "Impslayer" {venom, rF- Str+2 Dex+4} (You found it on level 2 of the Lair of Beasts)
 15145 | Lair:3   | Received a gift from Okawaru
 15712 | Lair:4   | Found a staircase to the Shoals.
 15721 | Lair:4   | Received a gift from Okawaru
 15965 | Lair:4   | Reached skill level 16 in Crossbows
 16289 | Lair:4   | Reached skill level 11 in Fighting
 16367 | Lair:4   | Received a gift from Okawaru
 16387 | Lair:4   | Got a transparent hat {god gift}
 16393 | Lair:4   | Identified the -1 hat "Taoritsu" {+Blink rN+} (Okawaru gifted it to you on level 4 of the Lair of Beasts)
 16751 | Lair:4   | Noticed a five-headed hydra
 16756 | Lair:4   | Killed a five-headed hydra
 16973 | Lair:4   | Reached XP level 13. HP: 91/116 MP: 19/19
 17395 | Lair:5   | Reached skill level 11 in Armour
 17511 | Lair:5   | Found a runed door.
 17713 | Lair:5   | Reached skill level 10 in Invocations
 18283 | Lair:5   | Received a gift from Okawaru
 18320 | Lair:5   | Found a viscous altar of Jiyva.
 18321 | Lair:5   | Noticed an acid blob
 18322 | Lair:5   | Found a staircase to the Slime Pits.
 18322 | Lair:5   | Noticed an acid blob
 18343 | Lair:6   | Entered Level 6 of the Lair of Beasts
 18354 | Lair:6   | Reached skill level 17 in Crossbows
 18374 | Lair:6   | Reached skill level 12 in Fighting
 18383 | Lair:6   | Noticed Josephine
 18403 | Lair:6   | Killed Josephine
 18529 | Lair:6   | Found a labyrinth entrance.
 18539 | Lab      | Entered a labyrinth
 18620 | Lab      | Received a gift from Okawaru
 18876 | Lab      | Reached skill level 12 in Armour
 18934 | Lab      | Noticed a minotaur
 18942 | Lab      | Killed a minotaur
 18957 | Lab      | Identified Sif Muna's Reference Book on Helpful Ignition
 18957 | Lab      | Identified the Volume of Mutagenic Envenoming
 18966 | Lab      | Learned a level 2 spell: Swiftness
 18969 | Lab      | Learned a level 2 spell: Shroud of Golubria
 19456 | Lair:5   | Reached XP level 14. HP: 108/127 MP: 16/20
 20541 | Lair:6   | Reached skill level 18 in Crossbows
 20541 | Lair:6   | Reached skill level 11 in Invocations
 20639 | Lair:6   | Received a gift from Okawaru
 20793 | Lair:6   | Reached skill level 13 in Fighting
 20801 | Lair:6   | Received a gift from Okawaru
 20824 | Lair:6   | Got a scintillating pewter ring
 20826 | Lair:6   | Identified the ring of the Six Dances {rF+ rC+ Int-4 SInv} (You found it on level 6 of the Lair of Beasts)
 21324 | D:11     | Found Joemp's General Store.
 21332 | D:11     | Bought a potion of invisibility for 144 gold pieces
 21332 | D:11     | Bought a scroll of noise for 18 gold pieces
 21337 | D:11     | Found Zaocsuq's Magic Scroll Boutique.
 21340 | D:11     | Bought a scroll of immolation for 52 gold pieces
 21340 | D:11     | Bought a scroll of vulnerability for 112 gold pieces
 21340 | D:11     | Bought a scroll of teleportation for 45 gold pieces
 21340 | D:11     | Bought a scroll of fog for 30 gold pieces
 21340 | D:11     | Bought a scroll of teleportation for 45 gold pieces
 21340 | D:11     | Bought a scroll of fear for 52 gold pieces
 21372 | D:11     | Found a frozen archway.
 21392 | D:11     | Received a gift from Okawaru
 21418 | IceCv    | Entered an ice cave
 21529 | IceCv    | Received a gift from Okawaru
 21532 | IceCv    | Got a steaming arbalest {god gift}
 21533 | IceCv    | Identified the +6 arbalest "Uxueff" {elec, Dex+6} (Okawaru gifted it to you in an ice cave)
 21635 | IceCv    | Reached skill level 13 in Armour
 22525 | D:11     | Found a basalt altar of Yredelemnul.
 22926 | D:11     | Upgraded the game from 0.20-a0-941-gba1b1f9 to 0.20-a0-947-g2784f4f
 23062 | D:12     | Noticed Azrael
 23071 | D:12     | Killed Azrael
 23262 | D:12     | Received a gift from Okawaru
 23424 | D:12     | Received a gift from Okawaru
 23603 | Lair:1   | Learned a level 2 spell: Blink
 23848 | D:12     | Noticed Frances
 23860 | D:12     | Killed Frances
 23860 | D:12     | Received a gift from Okawaru
 23860 | D:12     | Reached XP level 15. HP: 90/136 MP: 15/22
 24048 | D:12     | Reached skill level 19 in Crossbows
 24096 | D:12     | Identified a +2 pair of boots of running (You found it on level 12 of the Dungeon)
 24255 | D:12     | Got an iridescent arbalest {god gift}
 24258 | D:12     | Identified the +5 arbalest of Blind Justice {elec, rPois Int+6 Dex-2 SInv} (Okawaru gifted it to you on level 12 of the Dungeon)
 25030 | Orc:1    | Entered Level 1 of the Orcish Mines
 25030 | Orc:1    | Found a roughly hewn altar of Beogh.
 25031 | Orc:1    | Upgraded the game from 0.20-a0-947-g2784f4f to 0.20-a0-949-g916514f
 25524 | Orc:2    | Entered Level 2 of the Orcish Mines
 25524 | Orc:2    | Found a staircase to the Elven Halls.
 25536 | Orc:2    | Noticed Rupert
 25550 | Orc:2    | Killed Rupert
 25550 | Orc:2    | Reached skill level 14 in Armour
 25550 | Orc:2    | Reached skill level 12 in Invocations
 25976 | Orc:2    | Reached skill level 14 in Fighting
 25990 | Orc:2    | Received a gift from Okawaru
 25992 | Orc:2    | Reached ****** piety under Okawaru
 26014 | Orc:2    | Received a gift from Okawaru
 26084 | Orc:2    | Found Qacveev's Weapon Shop.
 26099 | Orc:2    | Found Wipp's Gadget Shoppe.
 26099 | Orc:2    | Found Zunem's Armour Shop.
 26100 | Orc:2    | Found Liosauna's Jewellery Shoppe.
 26571 | D:13     | Found Gufogi's Gadget Boutique.
 26727 | D:13     | Found a gate to the Vaults.
 27014 | D:13     | Got a faintly glowing scimitar
 27143 | D:13     | Paralysed by a hornet for 1 turns
 27909 | D:14     | Reached XP level 16. HP: 138/147 MP: 24/24
 28031 | D:14     | Reached skill level 20 in Crossbows
 28439 | D:15     | Entered Level 15 of the Dungeon
 28958 | D:15     | Found a snail-covered altar of Cheibriados.
 29056 | D:15     | Received a gift from Okawaru
 29061 | D:15     | Reached skill level 3 in Dodging
 29290 | D:15     | Received a gift from Okawaru
 29543 | D:15     | Found a staircase to the Depths.
 29813 | Elf:1    | Entered Level 1 of the Elven Halls
 29877 | Elf:1    | Found a magical portal.
 29880 | WizLab   | Entered Wucad Mu's Monastery
 30595 | WizLab   | Reached skill level 7 in Dodging
 30595 | WizLab   | Reached XP level 17. HP: 154/154 MP: 12/25
 30789 | Elf:1    | Received a gift from Okawaru
 30796 | Elf:1    | Reached skill level 15 in Fighting
 30861 | Elf:1    | Reached skill level 15 in Armour
 30939 | Elf:1    | HP: 5/156 [deep elf mage/bolt of lightning (23)]
 31261 | Elf:1    | Reached skill level 13 in Invocations
 31579 | Elf:1    | Received a gift from Okawaru
 31579 | Elf:1    | Reached skill level 8 in Dodging
 31616 | Elf:1    | Got a brightly glowing scarf {god gift}
 31627 | Elf:1    | Identified the scarf "Pozoepn" {rElec rC+ Regen+ Dex-3} (Okawaru gifted it to you on level 1 of the Elven Halls)
 31930 | Elf:1    | Identified the ring of the Firefly {Wiz rElec Dex+3 Slay-6} (You took it off a deep elf mage on level 1 of the Elven Halls)
 32372 | Snake:1  | Entered Level 1 of the Snake Pit
 32422 | Snake:1  | Reached skill level 16 in Fighting
 33080 | Snake:2  | Found Soker's Gadget Emporium.
 33082 | Snake:2  | Found Girour's Jewellery Boutique.
 33094 | Snake:2  | Found Eckey's Gadget Emporium.
 33142 | Snake:2  | Noticed Aizul
 33156 | Snake:2  | Killed Aizul
 33156 | Snake:2  | Reached XP level 18. HP: 137/166 MP: 27/27
 33275 | Snake:2  | Reached skill level 21 in Crossbows
 33488 | Snake:2  | Reached skill level 9 in Dodging
 33506 | Snake:2  | Received a gift from Okawaru
 34810 | Snake:3  | Reached skill level 16 in Armour
 35031 | Snake:4  | Entered Level 4 of the Snake Pit
 35224 | Snake:4  | Received a gift from Okawaru
 35232 | Snake:4  | Reached skill level 17 in Fighting
 35969 | Snake:4  | Reached skill level 14 in Invocations
 36101 | Snake:4  | Received a gift from Okawaru
 36242 | Snake:4  | Reached skill level 10 in Dodging
 36621 | Snake:4  | Got a serpentine rune of Zot
 37101 | Snake:4  | Identified the +9 plate armour of a bailey {rN+} (You found it on level 4 of the Snake Pit)
 37403 | Shoals:1 | Entered Level 1 of the Shoals
 37646 | Shoals:1 | Reached XP level 19. HP: 115/179 MP: 28/28
 37873 | Shoals:1 | Reached skill level 18 in Fighting
 38294 | Shoals:1 | Identified Iwithesi's Tome of Displacement and Clay
 38479 | Shoals:1 | Reached skill level 22 in Crossbows
 39310 | Shoals:3 | Found Jeycisupn's Gadget Shop.
 39436 | Shoals:4 | Entered Level 4 of the Shoals
 39451 | Shoals:4 | Received a gift from Okawaru
 40243 | Shoals:3 | Received a gift from Okawaru
 40339 | Shoals:3 | Found Guvo's Assorted Antiques.
 40348 | Shoals:3 | Bought a scroll of identify for 84 gold pieces
 40348 | Shoals:3 | Bought a scroll labeled HEUPRIKOYT for 42 gold pieces
 40348 | Shoals:3 | Bought a scroll of fear for 147 gold pieces
 40348 | Shoals:3 | Bought a potion of heal wounds for 210 gold pieces
 40396 | Shoals:3 | Got a pair of ichor-stained gloves
 40414 | Shoals:3 | Identified the +0 pair of gloves of the Game of Life {rElec rPois MR+ Stlth-} (You acquired it on level 3 of the Shoals)
 41621 | Shoals:4 | Received a gift from Okawaru
 41991 | Shoals:4 | Reached skill level 11 in Dodging
 42049 | Shoals:4 | Noticed Ilsuiw
 42063 | Shoals:4 | Killed Ilsuiw
 42413 | Shoals:4 | Reached skill level 17 in Armour
 42437 | Shoals:4 | Received a gift from Okawaru
 42449 | Shoals:4 | Got a slimy dire flail {god gift}
 42537 | Shoals:4 | Identified the +5 dire flail "Zemepri" {crush, +Fly rC+} (Okawaru gifted it to you on level 4 of the Shoals)
 42753 | Shoals:4 | Got a barnacled rune of Zot
 43164 | Elf:2    | Reached skill level 19 in Fighting
 43254 | Elf:2    | Found a runed door.
 43279 | Elf:2    | Found a runed door.
 43365 | Elf:2    | Noticed Jorgrun
 43374 | Elf:2    | Killed Jorgrun
 43381 | Elf:2    | Received a gift from Okawaru
 43399 | Elf:2    | Noticed Roxanne
 43422 | Elf:2    | Killed Roxanne
 43533 | Elf:2    | Received a gift from Okawaru
 43712 | Elf:2    | Reached skill level 15 in Invocations
 43871 | Elf:2    | Reached XP level 20. HP: 143/191 MP: 30/30
 43875 | Elf:2    | Received a gift from Okawaru
 43913 | Elf:2    | Received a gift from Okawaru
 44205 | Elf:2    | Received a gift from Okawaru
 44205 | Elf:2    | Reached skill level 23 in Crossbows
 44532 | Elf:3    | Entered Level 3 of the Elven Halls
 44792 | Elf:3    | Reached skill level 12 in Dodging
 44816 | Elf:3    | Received a gift from Okawaru
 45275 | Elf:3    | Upgraded the game from 0.20-a0-949-g916514f to 0.20-a0-959-gdc9e609
 45300 | Elf:3    | Found Tosoul's Armour Shop.
 45591 | Elf:3    | Identified the +7 glaive of Xom's Regard {chop, rC- Str+2 Dex+5 SInv} (You took it off a deep elf mage on level 3 of the Elven Halls)
 45700 | Elf:2    | Received a gift from Okawaru
 45747 | Elf:3    | Identified the +3 shield of Disaster {+Fly Int+2} (You took it off a deep elf annihilator on level 3 of the Elven Halls)
 45774 | Elf:3    | Received a gift from Okawaru
 45791 | Elf:3    | Reached skill level 20 in Fighting
 46298 | Elf:3    | Got a transparent gossamer ring
 46393 | Elf:3    | Identified the Reference Book on Supportive Ignition
 46526 | Elf:3    | Identified the ring "Luulus" {Int-3 Dex+5 SInv} (You took it off a deep elf annihilator on level 3 of the Elven Halls)
 46555 | Elf:3    | Got a flickering garnet amulet
 46558 | Elf:3    | Identified the amulet "Hyttacu" {Inacc rF+ rC+ Str+3} (You found it on level 3 of the Elven Halls)
 46953 | Vaults:1 | Entered Level 1 of the Vaults
 47199 | Vaults:1 | Reached skill level 18 in Armour
 47547 | Vaults:1 | Reached skill level 13 in Dodging
 47557 | Vaults:1 | Reached XP level 21. HP: 140/201 MP: 31/31
 47697 | Vaults:1 | Found Omnaevuc's Antique Armour Boutique.
 47707 | Vaults:1 | Found Milyhi Dohi's Jewellery Boutique.
 47710 | Vaults:1 | Bought a cursed ring of teleportation for 76 gold pieces
 47746 | Vaults:1 | Received a gift from Okawaru
 47963 | Vaults:1 | Found Xiuva's General Store.
 47990 | Vaults:1 | Bought a scroll of enchant weapon for 135 gold pieces
 47990 | Vaults:1 | Bought a scroll of identify for 36 gold pieces
 47990 | Vaults:1 | Bought a potion of heal wounds for 90 gold pieces
 47990 | Vaults:1 | Bought a potion of curing for 54 gold pieces
 48729 | Vaults:2 | Received a gift from Okawaru
 48752 | Vaults:2 | Reached skill level 24 in Crossbows
 48915 | Vaults:2 | Upgraded the game from 0.20-a0-959-gdc9e609 to 0.20-a0-967-g62cfa5d
 48929 | Vaults:2 | Reached skill level 16 in Invocations
 49176 | Vaults:2 | Found a staircase to the Crypt.
 49783 | Vaults:2 | Received a gift from Okawaru
 50030 | Vaults:3 | Received a gift from Okawaru
 50256 | Vaults:3 | Found Joataf's Food Boutique.
 50631 | Vaults:3 | Reached skill level 14 in Dodging
 51138 | Vaults:4 | Reached XP level 22. HP: 202/211 MP: 33/33
 51244 | Vaults:4 | Reached skill level 21 in Fighting
 51271 | Vaults:4 | Received a gift from Okawaru
 51272 | Vaults:4 | Reached skill level 19 in Armour
 51530 | Vaults:4 | Received a gift from Okawaru
 51560 | Vaults:4 | Received a gift from Okawaru
 51694 | Vaults:4 | Noticed Sojobo
 51767 | Vaults:4 | Killed Sojobo
 52297 | Vaults:4 | Found Mirurgh's General Store.
 52300 | Vaults:4 | Reached skill level 25 in Crossbows
 52309 | Vaults:4 | Bought a +3 spear for 440 gold pieces
 52309 | Vaults:4 | Bought a scroll of teleportation for 66 gold pieces
 52309 | Vaults:4 | Bought a potion of curing for 66 gold pieces
 52823 | Lair:1   | Identified the cursed +2 scimitar of Sequestration {vamp, Int+3} (You found it on level 13 of the Dungeon)
 52969 | Slime:1  | Entered Level 1 of the Pits of Slime
 53428 | Slime:3  | Noticed Dissolution
 53438 | Slime:2  | Killed Dissolution
 53438 | Slime:2  | Reached skill level 17 in Invocations
 53496 | Slime:3  | Found a viscous altar of Jiyva.
 53667 | Slime:5  | Entered Level 5 of the Pits of Slime
 53841 | Slime:5  | Noticed the Royal Jelly
 53871 | Slime:5  | Reached skill level 15 in Dodging
 53871 | Slime:5  | Killed the Royal Jelly
 53871 | Slime:5  | Received a gift from Okawaru
 53871 | Slime:5  | Reached XP level 23. HP: 156/221 MP: 29/34
 53893 | Slime:5  | Received a gift from Okawaru
 54114 | Slime:5  | Got a slimy rune of Zot
 54129 | Slime:5  | Got a transparent lead amulet
 54151 | Slime:5  | Learned a level 1 spell: Summon Butterflies
 54157 | Slime:5  | Learned a level 2 spell: Corpse Rot
 54178 | Slime:5  | Identified the Compendium of Creative Evil Arts
 54213 | Slime:5  | Upgraded the game from 0.20-a0-967-g62cfa5d to 0.20-a0-971-g5896763
 54258 | Slime:5  | Identified the amulet "Leanivigg" {Reflect *Contam +Inv Str+5 Dex+4 SH+2} (You found it on level 5 of the Pits of Slime)
 54300 | Slime:5  | Identified the +6 scimitar "Impslayer" {slice, rF- rC++ MR+} (You found it on level 5 of the Pits of Slime)
 54310 | Slime:5  | Identified the +3 scale mail of the Forest {rN+} (You found it on level 5 of the Pits of Slime)
 54762 | Depths:1 | Entered Level 1 of the Depths
 55184 | Depths:1 | Received a gift from Okawaru
 56672 | Depths:1 | Reached skill level 20 in Armour
 56749 | Depths:1 | Found a gateway to Hell.
 56836 | Depths:1 | Received a gift from Okawaru
 56878 | Depths:1 | Found a gateway to a ziggurat.
 56960 | Depths:1 | Found a one-way gate to the infinite horrors of the Abyss.
 57616 | Depths:3 | Received a gift from Okawaru
 57992 | Depths:3 | Reached skill level 26 in Crossbows
 58004 | Depths:3 | Received a gift from Okawaru
 58017 | Depths:3 | Reached skill level 22 in Fighting
 58026 | Depths:3 | Got a pair of twisted boots {god gift}
 58033 | Depths:3 | Got a fine scimitar {drain}
 58316 | Depths:2 | Identified the +0 pair of boots "Ifuon" {rN+} (Okawaru gifted it to you on level 3 of the Depths)
 58362 | Depths:3 | Reached skill level 16 in Dodging
 58468 | Depths:3 | Identified the +11 scimitar "Goblin's Funeral" {drain, Dex+4} (You took it off a frost giant on level 3 of the Depths)
 58826 | Depths:3 | Reached XP level 24. HP: 215/232 MP: 34/34
 59237 | Depths:3 | Reached skill level 18 in Invocations
 59300 | Depths:2 | Noticed an ancient lich
 59310 | Depths:2 | Killed an ancient lich
 59417 | Depths:2 | Received a gift from Okawaru
 59462 | Depths:2 | Identified the +6 rapier of the Revolution {freeze, rElec rPois} (You found it on level 2 of the Depths)
 59494 | Depths:2 | Got a dazzling hat
 59505 | Depths:2 | Identified the -3 hat of Asuxt {Regen+} (You acquired it on level 2 of the Depths)
 59877 | Depths:2 | Reached skill level 21 in Armour
 59958 | Depths:2 | Paralysed by a floating eye for 4 turns
 60679 | Depths:2 | Received a gift from Okawaru
 60775 | Depths:2 | Identified the Tome of Supportive Augmentations
 60778 | Depths:2 | Reached XP level 25. HP: 240/240 MP: 35/35
 60908 | Depths:2 | Reached skill level 17 in Dodging
 61119 | Depths:3 | Found a one-way gate leading to the halls of Pandemonium.
 61300 | Depths:3 | Found a runed gate.
 61300 | Depths:3 | Found a runed gate.
 61300 | Depths:3 | Found a runed gate.
 61300 | Depths:3 | Found a runed gate.
 61300 | Depths:3 | Found a runed gate.
 61300 | Depths:3 | Found a runed gate.
 61327 | Depths:3 | Received a gift from Okawaru
 61687 | Depths:3 | Reached skill level 19 in Invocations
 62335 | Depths:4 | Nattefrost: wats that maxwell thermic engine? old "firestarter"?
 62337 | Depths:4 | Reached skill level 23 in Fighting
 62543 | Depths:4 | Received a gift from Okawaru
 63165 | Depths:4 | Reached XP level 26. HP: 227/251 MP: 35/35
 63725 | Depths:5 | Entered Level 5 of the Depths
 63784 | Depths:5 | Reached skill level 18 in Dodging
 63797 | Depths:5 | Upgraded the game from 0.20-a0-971-g5896763 to 0.20-a0-972-gb9bd3e6
 63818 | Depths:5 | Reached skill level 22 in Armour
 63831 | Depths:5 | Found a hide-covered altar of Uskayaw.
 63879 | Depths:5 | Received a gift from Okawaru
 64378 | Depths:5 | Received a gift from Okawaru
 64392 | Depths:5 | Found a gate to the Realm of Zot.
 64748 | Zot:1    | Entered Level 1 of the Realm of Zot
 64997 | Zot:1    | Received a gift from Okawaru
 65219 | Zot:1    | Received a gift from Okawaru
 65269 | Zot:1    | Identified the +1 buckler "Lifoug" {*Slow rN+ Int+6} (Okawaru gifted it to you on level 1 of the Realm of Zot)
 65304 | Zot:1    | Reached skill level 20 in Invocations
 65536 | Zot:1    | Reached skill level 24 in Fighting
 66596 | Zot:2    | Reached skill level 19 in Dodging
 66742 | Zot:2    | Received a gift from Okawaru
 66852 | Zot:2    | Reached XP level 27. HP: 218/262 MP: 36/36
 66933 | Zot:2    | Reached skill level 23 in Armour
 67084 | Zot:2    | Upgraded the game from 0.20-a0-972-gb9bd3e6 to 0.20-a0-1000-g0e8f6bb
 67710 | Zot:2    | Received a gift from Okawaru
 68235 | Zot:2    | Received a gift from Okawaru
 68704 | Zot:3    | Reached skill level 21 in Invocations
 68750 | Zot:3    | Identified the +5 scale mail of the Other Side {Str+4} (You found it on level 3 of the Realm of Zot)
 68795 | Zot:3    | Reached skill level 25 in Fighting
 69797 | Zot:4    | Noticed an orb of fire
 70197 | Zot:4    | Killed an orb of fire
 70197 | Zot:4    | Received a gift from Okawaru
 70197 | Zot:4    | Reached skill level 22 in Invocations
 70792 | Zot:5    | Entered Level 5 of the Realm of Zot
 70894 | Zot:5    | Reached skill level 23 in Invocations
 70909 | Zot:5    | Received a gift from Okawaru
 71508 | Zot:5    | Received a gift from Okawaru
 71635 | Zot:5    | Received a gift from Okawaru
 71644 | Zot:5    | Noticed an ancient lich
 71652 | Zot:5    | Killed an ancient lich
 71820 | Zot:5    | Reached skill level 24 in Invocations
 71882 | Zot:5    | Received a gift from Okawaru
 71913 | Zot:5    | Got a warped arbalest {god gift}
 71914 | Zot:5    | Identified the +6 arbalest of Arrival {flame, -Tele rPois SInv} (Okawaru gifted it to you on level 5 of the Realm of Zot)
 71951 | Zot:5    | Noticed an orb of fire
 71951 | Zot:5    | Gained mutation: You expend magic power (3 MP) to strengthen your wands. [an orb of fire]
 71976 | Zot:5    | Killed an orb of fire
 72025 | Zot:5    | Noticed an ancient lich
 72044 | Zot:5    | Killed an ancient lich
 72308 | Zot:5    | Noticed an ancient lich
 72316 | Zot:5    | Killed an ancient lich
 72386 | Zot:5    | Noticed an ancient lich
 72391 | Zot:5    | Killed an ancient lich
 72391 | Zot:5    | Received a gift from Okawaru
 72391 | Zot:5    | Reached skill level 25 in Invocations
 72438 | Zot:5    | Noticed an orb of fire
 72440 | Zot:5    | Gained mutation: Potions are less effective at restoring your health. [an orb of fire]
 72454 | Zot:5    | Killed an orb of fire
 72454 | Zot:5    | Received a gift from Okawaru
 72484 | Zot:5    | Received a gift from Okawaru
 72539 | Zot:5    | Noticed an orb of fire
 72561 | Zot:5    | Killed an orb of fire
 72561 | Zot:5    | Received a gift from Okawaru
 73775 | Zot:5    | Noticed an orb of fire
 73793 | Zot:5    | Gained mutation: You tend to lose your temper in combat. [an orb of fire]
 73794 | Zot:5    | Killed an orb of fire
 73794 | Zot:5    | Reached skill level 26 in Invocations
 73798 | Zot:5    | Received a gift from Okawaru
 73804 | Zot:5    | Noticed an orb of fire
 73819 | Zot:5    | Noticed an orb of fire
 73832 | Zot:5    | Killed an orb of fire
 74251 | Zot:5    | Received a gift from Okawaru
 74255 | Zot:5    | Noticed an orb of fire
 74257 | Zot:5    | Gained mutation: Your spells are a little easier to cast, but a little less powerful. [an orb of fire]
 74273 | Zot:5    | Killed an orb of fire
 74273 | Zot:5    | Received a gift from Okawaru
 75446 | Vaults:5 | Entered Level 5 of the Vaults
 75457 | Vaults:4 | Reached skill level 27 in Invocations
 75628 | Vaults:4 | Reached skill level 1 in Translocations
 75655 | Vaults:4 | Received a gift from Okawaru
 76019 | Vaults:5 | Received a gift from Okawaru
 76027 | Vaults:5 | Reached skill level 20 in Dodging
 76040 | Vaults:5 | Reached skill level 2 in Translocations
 76046 | Vaults:5 | Noticed Margery
 76061 | Vaults:5 | Killed Margery
 76082 | Vaults:4 | Received a gift from Okawaru
 76368 | Vaults:5 | Reached skill level 24 in Armour
 76385 | Vaults:5 | Reached skill level 3 in Translocations
 76407 | Vaults:5 | Received a gift from Okawaru
 76408 | Vaults:5 | Got a smoking hat {god gift}
 76781 | Vaults:4 | Identified the -1 hat of Curiosity {Int+7} (Okawaru gifted it to you on level 5 of the Vaults)
 76880 | Vaults:5 | Got steaming shadow dragon scales
 76901 | Vaults:4 | Identified the +3 shadow dragon scales of Duty {+Inv Stlth++++} (You took it off a yaktaur on level 5 of the Vaults)
 77021 | Vaults:5 | Reached skill level 4 in Translocations
 77138 | Vaults:5 | Found Dupoany's General Store.
 77141 | Vaults:5 | Bought 24 bolts for 62 gold pieces
 77141 | Vaults:5 | Bought a sack of spiders for 260 gold pieces
 77257 | Vaults:5 | Got a silver rune of Zot
 77573 | Vaults:5 | Gained mutation: You have a pair of large horns on your head. [mutagenic meat]
 77574 | Vaults:5 | Gained mutation: You have sharp toenails. [mutagenic meat]
 77755 | Vaults:5 | Reached skill level 5 in Translocations
 77757 | Vaults:5 | Found Qiemofib's Jewellery Boutique.
 77790 | Vaults:5 | Learned a level 2 spell: Passwall
 77796 | Vaults:5 | Learned a level 5 spell: Lee's Rapid Deconstruction
 77824 | Vaults:5 | Learned a level 6 spell: Deflect Missiles
 77916 | Vaults:5 | Received a gift from Okawaru
 78184 | Vaults:5 | Received a gift from Okawaru
 78320 | Vaults:5 | Gained mutation: You are frail. (-10% HP) [mutagenic meat]
 78322 | Vaults:5 | Lost mutation: You are frail. (-10% HP) [mutagenic meat]
 78323 | Vaults:5 | Gained mutation: Your system is resistant to poisons. (rPois) [mutagenic meat]
 78324 | Vaults:5 | Gained mutation: You are weak. (Str -2) [mutagenic meat]
 78507 | Vaults:4 | Bought a potion of mutation for 176 gold pieces
 78512 | Vaults:4 | Lost mutation: You are weak. (Str -2) [potion of mutation]
 78512 | Vaults:4 | Lost mutation: Your system is resistant to poisons. (rPois) [potion of mutation]
 78512 | Vaults:4 | Lost mutation: You have a pair of large horns on your head. [potion of mutation]
 78512 | Vaults:4 | Gained mutation: Your mind is acute. (Int +2) [potion of mutation]
 78621 | Vaults:1 | Bought a potion of mutation for 144 gold pieces
 78621 | Vaults:1 | Lost mutation: Potions are less effective at restoring your health. [potion of mutation]
 78621 | Vaults:1 | Lost mutation: Your mind is acute. (Int +2) [potion of mutation]
 78621 | Vaults:1 | Lost mutation: You have sharp toenails. [potion of mutation]
 78621 | Vaults:1 | Gained mutation: Your muscles are strong. (Str +2) [potion of mutation]
 78712 | D:11     | Bought a scroll of acquirement for 936 gold pieces
 78719 | D:11     | Bought a scroll of enchant armour for 112 gold pieces
 78719 | D:11     | Bought a scroll of vulnerability for 112 gold pieces
 78719 | D:11     | Bought a scroll of magic mapping for 52 gold pieces
 78719 | D:11     | Bought a scroll of enchant armour for 112 gold pieces
 78719 | D:11     | Bought a scroll of enchant armour for 112 gold pieces
 78805 | Lair:1   | Lost mutation: Your muscles are strong. (Str +2) [potion of mutation]
 78805 | Lair:1   | Lost mutation: Your spells are a little easier to cast, but a little less powerful. [potion of mutation]
 78805 | Lair:1   | Gained mutation: You evolve. [potion of mutation]
 78805 | Lair:1   | Gained mutation: Your magical capacity is low. (-10% MP) [potion of mutation]
 78805 | Lair:1   | Gained mutation: You are clumsy. (Dex -2) [potion of mutation]
 78805 | Lair:1   | Gained mutation: Your mind is acute. (Int +2) [potion of mutation]
 78806 | Lair:1   | Lost mutation: Your mind is acute. (Int +2) [potion of mutation]
 78806 | Lair:1   | Lost mutation: You evolve. [potion of mutation]
 78806 | Lair:1   | Lost mutation: You are clumsy. (Dex -2) [potion of mutation]
 78806 | Lair:1   | Lost mutation: You tend to lose your temper in combat. [potion of mutation]
 78806 | Lair:1   | Lost mutation: Your magical capacity is low. (-10% MP) [potion of mutation]
 78806 | Lair:1   | Gained mutation: You have sharp toenails. [potion of mutation]
 78806 | Lair:1   | Gained mutation: You are robust. (+10% HP) [potion of mutation]
 78806 | Lair:1   | Gained mutation: You are agile. (Dex +2) [potion of mutation]
 78806 | Lair:1   | Gained mutation: Your spells are a little harder to cast, but a little more powerful. [potion of mutation]
 78968 | Temple   | Entered the Ecumenical Temple
 78992 | Temple   | Fell from the grace of Okawaru
 78992 | Temple   | Became a worshipper of the Shining One
 79263 | Crypt:1  | Entered Level 1 of the Crypt
 79621 | Crypt:1  | Reached skill level 1 in Stealth
 79622 | Crypt:1  | Noticed Donald
 79626 | Crypt:1  | Reached * piety under the Shining One
 79637 | Crypt:1  | Noticed Boris
 79652 | Crypt:1  | Killed Boris
 79660 | Crypt:1  | Killed Donald
 80266 | Crypt:1  | Reached ** piety under the Shining One
 80266 | Crypt:1  | Reached skill level 2 in Stealth
 80363 | Crypt:1  | Reached skill level 6 in Translocations
 80371 | Crypt:1  | Reached skill level 26 in Fighting
 80378 | Crypt:1  | Noticed an ancient lich
 80378 | Crypt:1  | Reached *** piety under the Shining One
 80388 | Crypt:1  | Killed an ancient lich
 80391 | Crypt:1  | Reached skill level 21 in Dodging
 80415 | Crypt:1  | Reached skill level 3 in Stealth
 80523 | Crypt:1  | Reached **** piety under the Shining One
 80579 | Crypt:1  | Noticed Bai Suzhen
 80591 | Crypt:1  | Killed Bai Suzhen
 80713 | Crypt:1  | Reached ***** piety under the Shining One
 80800 | Crypt:1  | Noticed Saint Roka
 80861 | Crypt:1  | Killed Saint Roka
 80861 | Crypt:1  | Reached skill level 4 in Stealth
 80964 | Crypt:1  | Reached ****** piety under the Shining One
 82090 | Lair:1   | Identified a +8 triple crossbow of holy wrath (a +6 triple crossbow of freezing blessed by the Shining One)
 82090 | Lair:1   | Received a gift from the Shining One
 82526 | Crypt:2  | Reached skill level 1 in Spellcasting
 82526 | Crypt:2  | Reached skill level 7 in Translocations
 82553 | Crypt:2  | Reached skill level 25 in Armour
 82616 | Crypt:2  | Reached skill level 5 in Stealth
 82937 | Crypt:2  | Reached skill level 27 in Crossbows
 83095 | Crypt:3  | Entered Level 3 of the Crypt
 83476 | Crypt:3  | Reached skill level 1 in Charms
 83605 | Crypt:3  | Reached skill level 2 in Spellcasting
 83648 | Crypt:3  | Noticed an ancient lich
 83648 | Crypt:3  | Noticed an ancient lich
 83655 | Crypt:3  | Killed an ancient lich
 83661 | Crypt:3  | Killed an ancient lich
 83661 | Crypt:3  | Reached skill level 2 in Charms
 83663 | Crypt:3  | Noticed an ancient lich
 83664 | Crypt:3  | Noticed an ancient lich
 83673 | Crypt:3  | Killed an ancient lich
 83673 | Crypt:3  | Reached skill level 6 in Stealth
 83675 | Crypt:3  | Killed an ancient lich
 83715 | Crypt:3  | Identified the amulet of the Sky {Inacc SInv} (You found it on level 3 of the Crypt)
 83717 | Crypt:3  | Identified the +2 demon blade "Ylyxzys" {drain, rC+} (You found it on level 3 of the Crypt)
 83917 | Crypt:3  | Found a staircase to the Tomb.
 83965 | Crypt:3  | Reached skill level 3 in Spellcasting
 84486 | Tomb:1   | Entered Level 1 of the Tomb of the Ancients
 84895 | Tomb:1   | Upgraded the game from 0.20-a0-1000-g0e8f6bb to 0.20-a0-1006-ge6c5631
 85192 | Tomb:1   | Noticed a greater mummy
 85679 | Tomb:1   | Killed a greater mummy
 85679 | Tomb:1   | Reached skill level 3 in Charms
 85679 | Tomb:1   | Reached skill level 8 in Translocations
 86544 | Tomb:2   | Noticed a greater mummy
 86544 | Tomb:2   | Noticed a greater mummy
 86544 | Tomb:2   | Noticed a greater mummy
 86544 | Tomb:2   | Noticed a greater mummy
 86612 | Tomb:1   | Killed a greater mummy
 86858 | Tomb:1   | Killed a greater mummy
 86858 | Tomb:1   | Reached skill level 7 in Stealth
 87062 | Tomb:1   | Killed a greater mummy
 87062 | Tomb:1   | Reached skill level 4 in Spellcasting
 87660 | Tomb:1   | Killed a greater mummy
 87840 | Tomb:2   | Reached skill level 4 in Charms
 88166 | Tomb:1   | Noticed a greater mummy
 88166 | Tomb:1   | Noticed a greater mummy
 88169 | Tomb:1   | Noticed a greater mummy
 88170 | Tomb:1   | Noticed a greater mummy
 88173 | Tomb:1   | Killed a greater mummy
 88181 | Tomb:2   | Killed a greater mummy
 88181 | Tomb:2   | Reached skill level 27 in Fighting
 88560 | Tomb:1   | Killed a greater mummy
 89019 | Tomb:1   | Killed a greater mummy
 89019 | Tomb:1   | Reached skill level 22 in Dodging
 89030 | Tomb:1   | Noticed a greater mummy
 89036 | Tomb:1   | Noticed a greater mummy
 89049 | Tomb:1   | Killed a greater mummy
 89055 | Tomb:1   | Killed a greater mummy
 89203 | Tomb:1   | Was forgiven by Okawaru
 89479 | Tomb:1   | Noticed a greater mummy
 89483 | Tomb:1   | Killed a greater mummy
 89483 | Tomb:1   | Reached skill level 5 in Spellcasting
 89485 | Tomb:1   | Noticed a greater mummy
 89486 | Tomb:1   | Noticed a greater mummy
 89491 | Tomb:1   | Killed a greater mummy
 89491 | Tomb:1   | Reached skill level 8 in Stealth
 89498 | Tomb:1   | Killed a greater mummy
 89498 | Tomb:1   | Reached skill level 9 in Translocations
 89582 | Tomb:1   | Noticed a greater mummy
 89588 | Tomb:1   | Killed a greater mummy
 89946 | Tomb:1   | Noticed a greater mummy
 89948 | Tomb:1   | Noticed a greater mummy
 89961 | Tomb:1   | Killed a greater mummy
 89965 | Tomb:1   | Noticed a greater mummy
 89965 | Tomb:1   | Killed a greater mummy
 89968 | Tomb:1   | Noticed a greater mummy
 89971 | Tomb:1   | Killed a greater mummy
 89971 | Tomb:1   | Reached skill level 5 in Charms
 89976 | Tomb:1   | Killed a greater mummy
 90939 | Tomb:3   | Entered Level 3 of the Tomb of the Ancients
 90939 | Tomb:3   | Noticed Boris
 90942 | Tomb:3   | Killed Boris
 91159 | Tomb:3   | Reached skill level 26 in Armour
 91162 | Tomb:3   | Noticed a greater mummy
 91165 | Tomb:3   | Noticed a greater mummy
 91165 | Tomb:3   | Noticed a greater mummy
 91166 | Tomb:3   | Noticed a greater mummy
 91170 | Tomb:3   | Noticed a greater mummy
 91411 | Tomb:3   | Noticed a greater mummy
 91419 | Tomb:2   | Killed a greater mummy
 91419 | Tomb:2   | Reached skill level 9 in Stealth
 91419 | Tomb:2   | Reached skill level 6 in Spellcasting
 91735 | Tomb:3   | Noticed a greater mummy
 91741 | Tomb:2   | Killed a greater mummy
 91742 | Tomb:2   | Killed a greater mummy
 92127 | Tomb:2   | Killed a greater mummy
 92190 | Tomb:3   | Killed a greater mummy
 92190 | Tomb:3   | Reached skill level 6 in Charms
 92193 | Tomb:2   | HP: 2/296 [greater mummy/divine providence (13)]
 92193 | Tomb:2   | Killed from afar by a greater mummy

Vault maps used:
D:1:      minmay_arrival_doors, kennysheep_decorative_pillar,
          minmay_pentomino_r4
D:2:      zin_academy, st_stairs_7, okawaru_metal_pillars_1_2, uniq_terence,
          uniq_jessica
D:3:      hangedman_decor_clover_reticule, minmay_goblin_outpost, uniq_natasha,
          uniq_iyjb
D:4:      lemuel_crystal_altar, nicolae_ru_the_path_less_chosen,
          minmay_temple_entry_oklob, first_bread, hangedman_feature_mirror,
          nicolae_gozag_cash_rules_everything_around_me, uniq_pikel,
          uniq_menkaure
D:5:      fedhas_altar_3, kennysheep_little_box,
          yredelemnul_forgotten_temple_becter, serial_shops, shop_fountains
D:6:      lemuel_coloured_pillars_altar, kennysheep_mini, uniq_duvessa,
          uniq_edmund
D:7:      lemuel_doored_altar, demons_altar, grunt_livestock,
          minmay_ruined_shrine
D:8:      vehumet_crystals, uniq_joseph
D:9:      lemuel_round_altar, roderic_roman_lattice, hangedman_feature_mirror,
          uniq_prince_ribbit1, uniq_erica, uniq_maurice
D:10:     lair_entry_dummy, minmay_orc_entry_temple_small, serial_column_ruins,
          column_ruins_open_tiny, column_ruins_grid_1, column_ruins_open_small,
          column_ruins_columns_corner, column_ruins_corridor_straight,
          column_ruins_open_large, st_stairs_12, minmay_misc_feat_cross,
          xom_shifter_show, uniq_urug
D:11:     basic_altar, serial_shops, nicolae_shop_behind_doors,
          nicolae_shop_crystal, portal_ice_cave_entry_animals_and_master
D:12:     fort_yaktaur, uniq_azrael, uniq_frances
D:13:     minmay_box_of_statues, david_vaults_1, serial_shops, shop_fountains
D:14:     hex_medium, serial_park_tiny_2, hangedman_abyss_or_decor_stabs
D:15:     gammafunk_enter_depths_forms, serial_park_square2, lemuel_statue_altar
Temple:   eino_temple_lava
Lair:1:   st_stairs_8, serial_bayou_shore_a, uniq_sonja
Lair:2:   dummy_snake_entry, wad_woods_06, serial_bayou_ford_a, uniq_nergalle
Lair:3:   grunt_megastairs_4, lemuel_fruit_fields
Lair:4:   elwin_shoals_entry_stream
Lair:5:   statuecave_lemuel, slime_altar_2, grunt_megastairs_2
Lair:6:   due_jungle_book, lab_entry_generic, hangedman_lair_unloving_vines,
          uniq_josephine
Shoals:2: uniq_nikola, uniq_polyphemus
Shoals:3: serial_shops, shop, nicolae_shop_crystal
Shoals:4: shoals_end_simple, shoals_ilsuiw_ice, nicolae_shoals_cliffside_cave
Snake:2:  spider_trap, serial_bayou_shore_b, minmay_shop_grove, uniq_aizul
Snake:4:  snake_pit
Slime:3:  basic_altar, dissolution_awaits
Orc:1:    basic_altar
Orc:2:    st_orc_elflike, uniq_rupert
Elf:1:    cheibrodos_salmonella, mu_enter_wizlab_7, hangedman_elf_represent
Elf:2:    uniq_roxanne, uniq_jorgrun
Elf:3:    minmay_elf_hall_spiked, serial_shops, shop, nicolae_elf_v_pinch
Vaults:1: v_misc_13, vaults_room_grid, nicolae_vaults_know_your_exits,
          v_misc_31, hangedman_vaults_corner, v_misc_22,
          hangedman_vaults_variations, vaults_room_grid,
          hangedman_vaults_cutoff, ontoclasm_vaults_gateway,
          hangedman_vaults_impose, grunt_vaults_funnel, serial_shops, shop,
          shop, nicolae_shop_behind_doors
Vaults:2: blue_anna_dwarven_crypt, hangedman_vaults_stream,
          nicolae_vaults_windows_and_doors_thing, hangedman_vaults_stagger,
          v_misc_12, vaults_mumra_hexcomb, v_alt_pattern_2,
          nicolae_vaults_an_arrangement, ontoclasm_vaults_misaligned,
          vaults_dpeg_encased_lava, nicolae_vaults_little_ls,
          nicolae_vaults_diagonal_hallway_7, vaults_dpeg_hooks
Vaults:3: st_cells, v_misc_26, hangedman_vaults_unwind, v_misc_10,
          nicolae_vaults_what_the_h, nicolae_vaults_three_branches,
          vaults_room_fancy_cross, ontoclasm_vaults_misaligned,
          vaults_room_stairs_pillars, nicolae_vaults_hallways_thing, v_misc_23,
          serial_shops, nicolae_shop_behind_doors
Vaults:4: hangedman_vaults_river_flow, v_alt_pattern_1, grunt_vaults_trifunnel,
          v_misc_2, grunt_vaults_diagonal, v_misc_11, hangedman_vaults_locks,
          hangedman_vaults_cutoff, ontoclasm_vaults_pinch, v_misc_8,
          serial_shops, shop, uniq_sojobo
Vaults:5: serial_shops, uniq_margery
Crypt:1:  minmay_guarded_unrand_majin_bo, st_small_mortuary,
          roderic_lattice_octagonal_star, uniq_donald, uniq_boris,
          uniq_saint_roka, uniq_bai_suzhen
Crypt:2:  st_stairs_4
Crypt:3:  david_glass_crypt, nicolae_tomb_entry_unfolded_pyramid_diagonal
Tomb:3:   uniq_boris, uniq_jory
Depths:1: enter_ziggurat_b, grunt_mini_vestibule, kennysheep_path_1,
          hangedman_abyss_entry_splay, spider_trap
Depths:2: lemuel_river_lethe, hell_entry
Depths:3: hangedman_cross_cluster, pf_dread_powers_of_hell,
          grunt_pan_entry_sceptre, brannock_guarded_unrand_thermic_engine
Depths:4: lemuel_traditional_vault, fountainhead, pf_coc_iceberg, abyss_entry,
          pan_entry, minmay_staircase_statues
Depths:5: grunt_twist_and_shout, grunt_pan_entry_in_and_out, hell_entry,
          old_standard_altar
Zot:1:    kennysheep_ambush_hall, grunt_ministairs_2
Zot:2:    lemuel_halls_of_wrath
Zot:4:    grunt_zot_stairs_mandelzot, st_stairs_7, grunt_megastairs_3
Lab:      labyrinth_mini_lab, nicolae_lab_statue, lab_fountain,
          nicolae_lab_hexagon, labyrinth_skeletal_remains, nicolae_lab_plus,
          nicolae_lab_flowing_pool, nicolae_lab_quarters
IceCv:    ice_cave_small_dragons
WizLab:   wizlab_wucad

Skill      XL: |  1  2  3  4  5  6  7  8  9 10 11 12 13 14 15 16 17 18 19 20 21 22 23 24 25 26 27 |
---------------+----------------------------------------------------------------------------------+-----
Crossbows      | 5 6 8 9 10 11 12 13 14 16 17 18 19 20 21 22 23 24 25 26 27 | 27.0
Invocations    | 2 3 4 5 7 8 9 10 11 12 13 14 15 16 17 18 19 20 27 | 27.0
Fighting       | 3 5 6 8 9 11 12 13 14 16 17 19 20 21 22 23 24 27 | 27.0
Armour         | 1 4 5 7 9 10 12 13 14 15 16 17 18 19 20 21 22 26 | 26.1
Dodging        | 7 8 10 11 13 14 15 16 17 19 22 | 22.5
Translocations | 9 |  9.8
Stealth        | 9 |  9.3
Spellcasting   | 6 |  6.2
Charms         | 6 |  6.0

Action                   |  1- 3 |  4- 6 |  7- 9 | 10-12 | 13-15 | 16-18 | 19-21 | 22-24 | 25-27 || total
-------------------------+-------+-------+-------+-------+-------+-------+-------+-------+-------++-------
Melee: Short sword       |    69 |       |       |       |       |       |       |       |       ||    69
       Headbutt          |    15 |    19 |    71 |   178 |   268 |    18 |   113 |       |       ||   682
       Trident           |       |   130 |   189 |   670 |   304 |       |       |       |       ||  1293
       Whip              |       |       |    87 |       |       |       |       |       |       ||    87
       Punch             |       |       |       |     5 |     4 |       |       |       |       ||     9
       Hand crossbow     |       |       |       |     1 |       |       |       |       |       ||     1
       Demon trident     |       |       |       |     8 |   617 |    64 |   512 |       |       ||  1201
       Arbalest          |       |       |       |       |       |     2 |       |       |       ||     2
 Fire: Hand crossbow     |       |    17 |    60 |   139 |       |       |       |       |       ||   216
       Arbalest          |       |       |       |    40 |   694 |  1166 |  1548 |  1490 |  3273 ||  8211
       Triple crossbow   |       |       |       |       |       |       |       |       |   949 ||   949
 Cast: Apportation       |       |       |       |       |       |       |       |       |     5 ||     5
Invok: Heroism           |       |       |     3 |    20 |    24 |    15 |    21 |    13 |    28 ||   124
       Finesse           |       |       |       |       |     2 |     2 |     1 |     2 |     9 ||    16
       Cleansing Flame   |       |       |       |       |       |       |       |       |    34 ||    34
       Divine Shield     |       |       |       |       |       |       |       |       |     8 ||     8
       Brand Weapon With |       |       |       |       |       |       |       |       |     1 ||     1
 Abil: Evoke Blink       |       |       |       |       |     4 |     8 |     1 |     2 |       ||    15
Evoke: Wand              |       |       |       |    22 |     2 |       |     1 |       |     2 ||    27
  Use: Scroll            |       |       |       |    18 |    11 |    10 |     8 |    21 |    28 ||    96
       Potion            |       |       |       |     1 |     1 |     6 |     1 |     1 |    14 ||    24
  Eat: Chunk             |     1 |     4 |    13 |    31 |    29 |    14 |    25 |    12 |    20 ||   149
       Fruit             |       |       |     3 |       |       |       |     7 |       |     9 ||    19
       Royal jelly       |       |       |       |     1 |       |     1 |     3 |     2 |     7 ||    14
       Bread ration      |       |       |       |       |     3 |     1 |     1 |     1 |     8 ||    14
       Meat ration       |       |       |       |       |       |     2 |       |     3 |     5 ||    10
Armor: Leather armour    |    18 |       |       |       |       |       |       |       |       ||    18
       Scale mail        |       |    43 |     1 |       |       |       |       |       |       ||    44
       Chain mail        |       |       |   139 |   352 |       |       |       |       |       ||   491
       Plate armour      |       |       |       |   197 |  1203 |   722 |   995 |   492 |  1285 ||  4894
Dodge: Dodged            |    50 |    68 |   122 |   385 |   586 |   394 |   883 |   848 |  2954 ||  6290
Block: Other             |       |       |       |    24 |    59 |       |       |    45 |   401 ||   529
       Reflection        |       |       |       |       |       |       |       |    10 |    23 ||    33
